 Dungeon Crawl Stone Soup version 0.26-a0-1086-g9010512d90 (webtiles) character file.

Game seed: 3235991110883598728

90 sokol815 the Skirmisher (level 4, -2/29 HPs)
             Began as a Gargoyle Fighter on Dec 14, 2020.
             Slain by a kobold
             ... wielding a +0 whip
              (3 damage)
             ... on level 3 of the Dungeon.
             The game lasted 00:03:08 (2068 turns).

sokol815 the Skirmisher (Gargoyle Fighter)          Turns: 2068, Time: 00:03:08

Health: -2/29      AC:  3    Str: 25    XL:     4   Next: 56%
Magic:  4/4        EV:  8    Int:  9    God:
Gold:   60         SH:  9    Dex: 10    Spells: 3/3 levels left

rFire    . . .     SeeInvis .   a - +0 war axe
rCold    . . .     Faith    .   c - +0 kite shield
rNeg     + . .     Spirit   .   (no armour)
rPois    ∞         Reflect  .   (no helmet)
rElec    +         Harm     .   (no cloak)
rCorr    .         Rampage  .   (no gloves)
Will     .....                  (no boots)
Stlth    +.........             (no amulet)
HPRegen  0.09/turn              l - +6 ring of strength
MPRegen  0.09/turn              (no ring)

@: no status effects
A: negative energy resistance 1, electricity resistance, unbreathing,
petrification resistance, miasma immunity, AC +3
a: no special abilities


You were on level 3 of the Dungeon.
You visited 1 branch of the dungeon, and saw 3 of its levels.

You collected 60 gold pieces.

Inventory:

Hand Weapons
 a - a +0 war axe (weapon)
Missiles
 f - 9 sling bullets
 h - 6 curare-tipped darts
 k - 46 stones (quivered)
 s - 24 bolts
Armour
 b - a +0 scale mail
 c - a +0 kite shield (worn)
 p - a +0 chain mail
   (You found it on level 2 of the Dungeon)
 t - a +1 helmet
   (You found it on level 2 of the Dungeon)
 u - a +0 scale mail
   (You found it on level 2 of the Dungeon)
Jewellery
 l - a +6 ring of strength (left hand)
   (You found it on level 1 of the Dungeon)
Scrolls
 j - a scroll of teleportation {unknown}
 m - a scroll of amnesia {unknown}
 r - 3 scrolls of identify {unknown}
Potions
 d - a potion of might
 e - a potion of flight {unknown}
 g - 3 potions of heal wounds {unknown}
 i - 3 potions of curing {unknown}
 n - 2 potions of mutation {unknown}
 o - a potion of degeneration {unknown}
 q - a potion of haste {unknown}


   Skills:
 + Level 4.2 Fighting
 * Level 3.6 Axes
 - Level 3.2 Armour
 - Level 3.2 Shields


You had 3 spell levels left.
You didn't know any spells.
Your spell library was empty.

Dungeon Overview and Level Annotations

Branches:
Dungeon (3/15)

Altars:
Dithmenos
Fedhas
Nemelex Xobeh

Annotations:
D:2 Jessica


Innate Abilities, Weirdness & Mutations

You are resistant to torment.
Your stone body is resilient. (AC +3)
You are immune to poison.
You resist negative energy. (rN+)
You are resistant to electric shocks. (rElec)
You can survive without breathing.
You are immune to petrification.
You are immune to miasma.


Message History

You kill the dart slug!
No target in view!
No target in view!
You see here a dart slug corpse.
k - 49 stones (gained 2)
k - 50 stones (gained 1)
k - 51 stones (gained 1)
k - 52 stones (gained 1)
k - 53 stones (gained 1)
A goblin comes into view. It is wielding a +0 dagger.
The goblin shouts!
Health restored: 24 You throw a stone.
The stone hits the goblin.
You throw a stone. The stone barely misses the goblin.
You throw a stone. The stone hits the goblin.
You kill the goblin!
You have reached level 4!
You feel clever.
Health restored: 29; MP restored: 4
k - 51 stones (gained 1)
Things that are here:
a +0 dagger; a goblin corpse
k - 52 stones (gained 1)
k - 53 stones (gained 1)
g - 3 white potions (gained 1)
You now have 60 gold pieces (gained 7).
There is a blossoming altar of Fedhas here.
Partly explored, can't reach some places.
Partly explored, can't reach some places.
(D) Dungeon
Where to? (Enter - D:2, ? - help)
There is a stone staircase leading down here.
You climb downwards.
There is a stone staircase leading up here.
r - 2 scrolls labelled KYALEICAOT (gained 1)
r - 3 scrolls labelled KYALEICAOT (gained 1)
An orc comes into view. It is wielding a +0 dagger.
You throw a stone.
The stone hits the orc but does no damage.
The orc shouts!
An orc priest comes into view. It is wielding a +0 whip.
A kobold comes into view.
It is wielding a +0 whip and quivering 8 poisoned darts.
An orc comes into view. It is wielding a +0 whip.
You throw a stone. The orc shouts!
The kobold shouts!
The stone hits the kobold.
The kobold throws a poisoned dart.
You block the poisoned dart.
You throw a stone. The stone barely misses the kobold.
The kobold throws a poisoned dart.
The poisoned dart hits you!
You throw a stone. The stone hits the orc.
The kobold throws a poisoned dart.
You block the poisoned dart.
You throw a stone. The stone closely misses the orc.
You throw a stone. The stone hits the orc.
The kobold throws a poisoned dart.
The poisoned dart hits you!
The orc priest casts a cantrip, but nothing happens.
You throw a stone. The stone hits the orc.
The kobold throws a poisoned dart.
The poisoned dart barely misses you.
The orc priest cheers noisily, as Orcs often do.
You slash the orc!
You kill the orc!
You closely miss the orc. The orc barely misses you.
You hit the orc.
You kill the orc!
You hit the orc priest but do no damage.
You block the orc priest's attack.
The orc priest calls down the wrath of Beogh upon you.
Beogh smites you!
You take 14 damage, and have 15/29 hp.
MASSIVE DAMAGE!!
You are too injured to fight recklessly!
You are too injured to fight recklessly!
You are too injured to fight recklessly!
You are too injured to fight recklessly!
You are too injured to fight recklessly!
You closely miss the orc priest.
The orc priest miscasts a cantrip.
You hit the orc priest. You block the orc priest's attack.
The orc priest invokes the aid of Beogh against you.
You barely resist. You barely miss the orc priest.
The orc priest hits you with a +0 whip!
* * * LOW HITPOINT WARNING * * *
You take 8 damage, and have 8/29 hp.
MASSIVE DAMAGE!!
You hit the orc priest. You block the orc priest's attack.
You slash the orc priest!
You kill the orc priest!
The kobold throws a poisoned dart.
You block the poisoned dart.
Unknown command.
The kobold hits you with a +0 whip.
* * * LOW HITPOINT WARNING * * *
Things that are here:
a +0 whip; an orc corpse You take 3 damage, and have 5/29 hp.
You closely miss the kobold. The kobold hits you with a +0 whip.
* * * LOW HITPOINT WARNING * * *
You take 3 damage, and have 2/29 hp.
You barely miss the kobold. The kobold hits you with a +0 whip.
* * * LOW HITPOINT WARNING * * *
The kobold hits you with a +0 whip.
You die...

### ... #########
####.#####.......#######
....((.)##.#####........
#.....()(...# #####....
!##.##@##..########..##
#K......(..<....#
.###.############ .. #.#
.(. ..# .... ..# .....
.# ....##


You could see a kobold.

Vanquished Creatures
  An orc priest (D:3)
  A worm (D:2)
  3 dart slugs (D:2)
  2 orcs (D:3)
  7 bats
  2 giant cockroaches (D:2)
  8 goblins
  4 hobgoblins
  10 jackals (D:1)
  2 frilled lizards
  2 kobolds
  3 rats
45 creatures vanquished.

Vanquished Creatures (others)
  2 fungi (D:2)
  5 plants (D:2)
7 creatures vanquished.

Grand Total: 52 creatures vanquished

Notes
Turn   | Place    | Note
-------+----------+-------------------------------------------
     0 | D:1      | sokol815 the Gargoyle Fighter began the quest for the Orb.
     0 | D:1      | Reached XP level 1. HP: 14/14 MP: 1/1
    55 | D:1      | Reached skill level 2 in Axes
   155 | D:1      | Reached XP level 2. HP: 18/19 MP: 2/2
   538 | D:1      | Reached XP level 3. HP: 23/24 MP: 3/3
  1309 | D:2      | Found a shadowy altar of Dithmenos.
  1324 | D:2      | Reached skill level 3 in Axes
  1462 | D:2      | Noticed Jessica
  1486 | D:2      | Found a blossoming altar of Fedhas.
  1566 | D:2      | Found a sparkling altar of Nemelex Xobeh.
  1749 | D:2      | Reached skill level 4 in Fighting
  1817 | D:2      | Reached XP level 4. HP: 29/29 MP: 4/4
  2066 | D:3      | HP: 5/29 [kobold/+0 whip (3)]
  2067 | D:3      | HP: 2/29 [kobold/+0 whip (3)]
  2068 | D:3      | Slain by a kobold

Illustrated notes

Levels and vault maps discovered:
D:1:      dpeg_arrival_rhombi, layout_loops_corners
D:2:      layout_rooms, fedhas_altar_3, nemelex_altar_shiori,
          hangedman_decor_slide_cut, grunt_dithmenos_smoke, uniq_jessica
D:3:      layout_loops_ring

Skill      XL: |  1  2  3 |
---------------+----------+-----
Axes           | 2 3 |  3.6
Fighting       | 4 |  4.2
Armour         | |  3.2
Shields        | |  3.2

Action                   |  1- 3 |  4- 6 || total
-------------------------+-------+-------++-------
Melee: War axe           |   120 |     9 ||   129
Throw: Stone             |    80 |     7 ||    87
Armor: Scale mail        |    63 |       ||    63
       Skin              |     4 |       ||     4
Dodge: Dodged            |    40 |     2 ||    42
Block: Kite shield       |    62 |     6 ||    68

Table legend: (Time is in decaauts)
 A = Elapsed time spent in this place.
 B = Non-inter-level travel time spent in this place.
 C = Inter-level travel time spent in this place.
 D = Time resting spent in this place.
 E = Time spent auto-exploring this place.
 F = Levels seen in this place.
 G = Mean time per level.
                   A        B        C        D        E       F      G
               +--------+--------+--------+--------+--------+-----+--------+
         Total |   2137 |   2039 |     98 |     58 |   1602 |   3 |  712.3 |
       Dungeon |   2137 |   2039 |     98 |     58 |   1602 |   3 |  712.3 |
               +--------+--------+--------+--------+--------+-----+--------+

Top non-repeatable levels by time:
     D:1: 1282 daAuts
     D:2: 809 daAuts
     D:3: 46 daAuts

Table legend:
 A = Kills in this place as a percentage of kills in entire the game.
 B = Kills by you in this place as a percentage of kills by you in the entire game.
 C = Kills by friends in this place as a percentage of kills by friends in the entire game.
 D = Other kills in this place as a percentage of other kills in the entire game.
 E = Experience gained in this place as a percentage of experience gained in the entire game.
 F = Experience gained in this place divided by the number of levels of this place that you have seen.
                   A       B       C       D       E      F
               +-------+-------+-------+-------+-------+----------------------
         Total | 100.0 | 100.0 |   N/A |   N/A | 100.0 |  43.0
       Dungeon | 100.0 | 100.0 |   N/A |   N/A | 100.0 |  43.0
               +-------+-------+-------+-------+-------+----------------------
